 Dungeon Crawl Stone Soup version 0.30-a0-279-g4b46babb21 (webtiles) character file.

Game seed: 1221993912650561355

511 bande the Chopper (level 7, -4/44 HPs)
             Began as a Gargoyle Fighter on Oct 17, 2022.
             Slain by a two-headed ogre
             ... wielding a +0 giant club
              (12 damage)
             ... on level 4 of the Dungeon.
             The game lasted 00:06:34 (3042 turns).

bande the Chopper (Gargoyle Fighter)                Turns: 3042, Time: 00:06:34

Health: -4/44      AC: 19    Str: 20    XL:     7   Next: 19%
Magic:  7/7        EV:  7    Int:  8    God:
Gold:   146        SH:  4    Dex: 11    Spells: 6/6 levels left

rFire   + . .      SeeInvis .    i - +1 war axe (elec)
rCold   . . .      Faith    .    c - +0 buckler
rNeg    + . .      Spirit   .    j - +0 chain mail
rPois   ∞          Reflect  .    n - +2 helmet
rElec   +          Harm     .    e - +0 cloak
rCorr   .          Rampage  .    (no gloves)
Will    .....                    (no boots)
Stlth   ..........               (no amulet)
HPRegen 0.27/turn                h - ring of protection from fire
MPRegen 0.10/turn                (no ring)

@: very slow
A: sickness immunity, AC +4, negative energy resistance 1, electricity
resistance, torment resistance 1, petrification resistance
a: no special abilities


You were on level 4 of the Dungeon.
You visited 1 branch of the dungeon, and saw 4 of its levels.

You collected 146 gold pieces.

Inventory:

Hand Weapons
 a - a +0 war axe
 i - a +1 war axe of electrocution (weapon)
Armour
 c - a +0 buckler (worn)
 e - a +0 cloak (worn)
 j - a +0 chain mail (worn)
 n - a +2 helmet (worn)
Jewellery
 h - a ring of protection from fire (left hand)
Scrolls
 g - 2 scrolls of enchant armour
 p - a scroll of amnesia
Potions
 b - a potion of cancellation
 d - 3 potions of might
 f - 2 potions of berserk rage {unknown}
 k - 2 potions of heal wounds {unknown}
 l - 3 potions of curing {unknown}
 m - a potion of mutation {unknown}
 o - a potion of degeneration {unknown}


   Skills:
 + Level 4.6 Fighting
 + Level 5.1 Axes
 + Level 4.9 Armour
 + Level 4.1 Shields


You had 6 spell levels left.
You didn't know any spells.
Your spell library contained the following spells:

 Spells                   Type           Power      Damage    Failure   Level
 Summon Small Mammal      Summ           0%         N/A       99%         1
 Blink                    Tloc           0%         N/A       100%        2
 Momentum Strike          Conj/Tloc      0%         3d8       100%        2
 Call Canine Familiar     Summ           0%         N/A       100%        3
 Lesser Beckoning         Tloc           0%         N/A       100%        3
 Summon Guardian Golem    Hex/Summ       0%         N/A       100%        3
 Tukima's Dance           Hex            0%         N/A       100%        3
 Vhi's Electric Charge    Tloc/Air       0%         N/A       100%        3
 Passage of Golubria      Tloc           0%         N/A       100%        4
 Arcjolt                  Conj/Air       0%         1d10      100%        5
 Yara's Violent Unravell  Hex/Tmut       0%         3d3       100%        5
 Maxwell's Capacitive Co  Air            0%         ∞         100%        8


Dungeon Overview and Level Annotations

Branches:
Dungeon (4/15)
 Temple: D:4-7

Altars:
Ashenzari
Yredelemnul

Shops:
D:3 [


Innate Abilities, Weirdness & Mutations

You are immune to sickness and miasma.
Your stone body is resilient. (AC +4)
You are immune to poison.
You resist negative energy. (rN+)
You are resistant to electric shocks. (rElec)
You are resistant to unholy torment.
You are immune to petrification.


Message History

Unknown command.
HP restored.
A kobold comes into view. It is wielding a +0 whip.
A kobold is nearby!
You enter the shallow water.
Moving in this stuff is going to be slow.
You enter the shallow water.
Moving in this stuff is going to be slow.
A two-headed ogre comes into view. It is wielding two +0 giant clubs.
You closely miss the kobold. The kobold completely misses you.
Your unstable footing causes you to fumble your attack.
The kobold splashes around in the water.
Your unstable footing causes you to fumble your attack.
The kobold barely misses you.
You hit the kobold.
The kobold is heavily wounded.
The kobold hits you but does no damage.
You slash the two-headed ogre!
The two-headed ogre is lightly wounded.
Your unstable footing causes you to fumble your attack.
You block the two-headed ogre's attack. The two-headed ogre closely misses you.
Your unstable footing causes you to fumble your attack.
The two-headed ogre hits you with a +0 giant club!!
Ouch! That really hurt!
The two-headed ogre hits you but does no damage.
You are too injured to fight recklessly!
You are too injured to fight recklessly!
You are too injured to fight recklessly!
You are too injured to fight recklessly!
You are too injured to fight recklessly!
You are too injured to fight recklessly!
You are too injured to fight recklessly!
You are too injured to fight recklessly!
Unknown command.
You hit the two-headed ogre.
The two-headed ogre is moderately wounded.
The two-headed ogre hits you with a +0 giant club!
* * * LOW HITPOINT WARNING * * *
The two-headed ogre hits you with a +0 giant club!
You die...

............
#..~~~~.~≈~~~..
...~≈≈~.~≈≈≈~.#
...~≈≈~.~≈≈≈~.#
##.~≈≈~.~~~≈≈.###
...~~~~.........#
#..!.....~≈~~.#.#
#..~~~OK.≈≈~~.#.########
#..~~≈≈@.≈≈≈~...........
#..~≈≈≈~.~≈≈~.##########
#..~~~~~.~~~~...#
#.............#.# ###
#.......#....##.# #<#
############.##.# #.#
#.##.###.###
#.##.......#
#........#.#


You could see a two-headed ogre and a kobold.

Vanquished Creatures
  Sigmund (D:3)
  The ghost of bchevrier the Covered, an amateur GnWn (D:3)
  A phantom (D:4)
  An orc priest (D:3)
  2 scorpion zombies (D:3)
  Robin (D:2)
  An adder zombie (D:3)
  2 worms (D:2)
  A dart slug (D:4)
  14 orcs
  3 endoplasms (D:1)
  A giant cockroach (D:2)
  13 goblins
  9 hobgoblins
  3 jackals (D:3)
  2 quokkas (D:2)
  A ball python (D:2)
  5 bats
  8 kobolds
  A rat (D:2)
71 creatures vanquished.

Notes
Turn   | Place    | Note
-------+----------+-------------------------------------------
     0 | D:1      | bande the Gargoyle Fighter began the quest for the Orb.
     0 | D:1      | Reached XP level 1. HP: 14/14 MP: 1/1
   338 | D:1      | Reached XP level 2. HP: 19/19 MP: 2/2
   486 | D:1      | Found a faded altar of an unknown god.
   808 | D:2      | Reached skill level 2 in Axes
   853 | D:2      | Reached XP level 3. HP: 24/24 MP: 3/3
   860 | D:2      | Noticed Robin
   867 | D:2      | Killed Robin
  1041 | D:2      | Found a broken altar of Ashenzari.
  1194 | D:2      | Reached XP level 4. HP: 29/29 MP: 4/4
  1407 | D:3      | Found a runed translucent gate.
  1407 | D:3      | Noticed bchevrier's ghost (amateur GnWn)
  1408 | D:3      | Found a runed translucent gate.
  1409 | D:3      | Found a runed translucent gate.
  1409 | D:3      | Identified the +1 leather armour of Dim Light {rC+}
  1505 | D:3      | Found Voafrog's Armour Boutique.
  1602 | D:3      | Identified the +7 short sword of the Shimmering Seer
                  | {vorpal, rElec rPois Int-2}
  1624 | D:3      | Noticed Sigmund
  1636 | D:3      | Killed Sigmund
  1637 | D:3      | Reached skill level 4 in Axes
  1637 | D:3      | Reached XP level 5. HP: 11/34 MP: 5/5
  1637 | D:3      | Reached XP level 6. HP: 13/39 MP: 6/6
  1917 | D:3      | Found a basalt altar of Yredelemnul.
  2601 | D:3      | Killed bchevrier's ghost
  2602 | D:3      | Reached XP level 7. HP: 30/44 MP: 7/7
  3018 | D:4      | Reached skill level 5 in Axes
  3034 | D:4      | Noticed a two-headed ogre
  3042 | D:4      | Slain by a two-headed ogre

Illustrated notes

Levels and vault maps discovered:
D:1:      eino_arrival_cavern_e, layout_basic, chequers_ecumenical_altar_lobes
D:2:      layout_basic, basic_altar, uniq_robin
D:3:      layout_basic, nicolae_overflow_hidden_temple,
          nicolae_yredelemnul_corpse_copse, biasface_ghost_orc_armoury,
          serial_shops, nicolae_shop_waterfront, uniq_sigmund
D:4:      layout_basic, ebering_ghost_sewer_f, minivault_14,
          kennysheep_another_room

Skill      XL: |  1  2  3  4  5  6  7 |
---------------+----------------------+-----
Axes           | 2 4 5 |  5.1
Fighting       | 4 |  4.6
Armour         | 4 |  4.9
Shields        | 4 |  4.1

Action                   |  1- 3 |  4- 6 |  7- 9 || total
-------------------------+-------+-------+-------++-------
Melee: War axe           |    84 |    70 |    24 ||   178
  Use: Scroll            |     3 |     1 |     1 ||     5
Armor: Scale mail        |     9 |       |       ||     9
       Chain mail        |    56 |    62 |    13 ||   131
Dodge: Dodged            |    35 |    41 |     9 ||    85
Block: Buckler           |    12 |    24 |     4 ||    40

Table legend: (Time is in decaauts)
 A = Elapsed time spent in this place.
 B = Non-inter-level travel time spent in this place.
 C = Inter-level travel time spent in this place.
 D = Time resting spent in this place.
 E = Time spent auto-exploring this place.
 F = Levels seen in this place.
 G = Mean time per level.
                   A        B        C        D        E       F      G
               +--------+--------+--------+--------+--------+-----+--------+
         Total |   3113 |   2941 |    172 |    563 |   1640 |   4 |  778.2 |
       Dungeon |   3113 |   2941 |    172 |    563 |   1640 |   4 |  778.2 |
               +--------+--------+--------+--------+--------+-----+--------+

Top non-repeatable levels by time:
     D:3: 1435 daAuts
     D:2: 830 daAuts
     D:1: 726 daAuts
     D:4: 121 daAuts
